 Dungeon Crawl Stone Soup version 0.28.0-53-g5a82cb258f (webtiles) character file.

Game seed: 16841971277583995003

179 Atelerd the Digger (level 5, -3/31 HPs)
             Began as an Octopode Earth Elementalist on July 12, 2022.
             Blown up by Ijyb (4 damage)
             ... with a mindburst bolt
             ... on level 3 of the Dungeon.
             The game lasted 00:02:48 (2484 turns).

Atelerd the Digger (Octopode Earth Elementalist)    Turns: 2484, Time: 00:02:49

Health: -3/31      AC:  1    Str:  7    XL:     5   Next: 59%
Magic:  1/10       EV: 13    Int: 19    God:
Gold:   80         SH:  0    Dex: 13    Spells: 5/10 levels left

rFire   . . .      SeeInvis .   c - +0 dagger
rCold   . . .      Faith    .   (no shield)
rNeg    . . .      Spirit   .   (helmet restricted)
rPois   .          Reflect  .   (no amulet)
rElec   .          Harm     .   f - ring of wizardry
rCorr   .          Rampage  .   (no ring)
Will    .....                   (no ring)
Stlth   +++.......              (no ring)
HPRegen 0.10/turn               (no ring)
MPRegen 0.12/turn               (no ring)
                                (no ring)
                                (no ring)

@: attractive
A: almost no armour, amphibious, 8 rings, camouflage 1, gelatinous body 1,
(nimble swimmer 1), tentacles
a: no special abilities


You were on level 3 of the Dungeon.
You visited 1 branch of the dungeon, and saw 3 of its levels.

You collected 80 gold pieces.

Inventory:

Hand Weapons
 c - a +0 dagger (weapon)
Missiles
 b - 14 stones
Jewellery
 f - a ring of wizardry (left tentacle)
 i - an amulet of faith
Scrolls
 d - a scroll of noise {unknown}
 e - a scroll of teleportation {unknown}
 g - a scroll of identify {unknown}
 h - a scroll of vulnerability {unknown}


   Skills:
 - Level 2.0 Dodging
 + Level 2.7 Stealth
 + Level 3.3 Spellcasting
 + Level 3.1 Transmutations
 + Level 4.2 Earth Magic


You had 5 spell levels left.
You knew the following spells:

 Your Spells              Type           Power      Damage    Failure   Level
a - Sandblast             Erth           38%        2d10      1%          1
p - Petrify               Tmut/Erth      17%        N/A       13%         4

Your spell library contained the following spells:

 Spells                   Type           Power      Damage    Failure   Level
 Passwall                 Tmut/Erth      14%        N/A       1%          2
 Wereblood                Tmut           15%        N/A       2%          2
 Summon Small Mammal      Summ           12%        N/A       6%          1
 Stone Arrow              Conj/Erth      22%        3d8       8%          3
 Sublimation of Blood     Necr           3%         N/A       9%          2
 Call Canine Familiar     Summ           3%         N/A       17%         3
 Summon Guardian Golem    Hex/Summ       3%         N/A       17%         3
 Summon Ice Beast         Ice/Summ       3%         N/A       47%         4
 Summon Mana Viper        Hex/Summ       3%         N/A       82%         5
 Monstrous Menagerie      Summ           1%         N/A       100%        7
 Summon Hydra             Summ           1%         N/A       100%        7


Dungeon Overview and Level Annotations

Branches:
Dungeon (3/15)

Altars:

Annotations:
D:3 Ijyb


Innate Abilities, Weirdness & Mutations

You cannot wear most types of armour.
You are amphibious.
You can wear up to eight rings at the same time.
Your skin changes colour to match your surroundings (Stealth+).
Your rubbery body absorbs attacks. (AC +1, EV +1)
((You are camouflaged when in or above water. (Stealth+)))
You have tentacles for arms and can constrict up to eight enemies at once.


Message History

Unknown command.
Casting: Petrify (extremely dangerous; 13% risk of failure)
Confirm with . or Enter, or press ? or * to list all spells.
The spell is extremely dangerous to miscast (13% risk of failure)!
Continue anyway?
Aiming: Petrify (extremely dangerous; 13% risk of failure)
Press: ? - help, Shift-Dir - straight line, f/p - Ijyb
Aim: Ijyb, wielding a +0 dagger, wearing a +0 leather armour and carrying a wand of mindburst (12) (lightly wounded, chance to affect: 59%) Ijyb resists with significant effort.
Ijyb hits you with a +0 dagger.
Unknown command.
You closely miss Ijyb. You grab Ijyb. You squeeze Ijyb, but do no damage.
Ijyb is lightly wounded.
You constrict Ijyb, but do no damage.
Ijyb zaps a wand.
Your mind is blasted!
Unknown command.
You hit Ijyb but do no damage. You squeeze Ijyb, but do no damage.
Ijyb is lightly wounded.
You constrict Ijyb, but do no damage. Ijyb hits you with a +0 dagger.
* * * LOW HITPOINT WARNING * * *
Unknown command.
It was a potion of attraction.
You feel attractive to monsters.
You constrict Ijyb. Ijyb hits you with a +0 dagger.
* * * LOW HITPOINT WARNING * * *
You aren't carrying any items that you can evoke.
Unknown command.
Unknown command.
Unknown command.
Casting: Petrify (extremely dangerous; 13% risk of failure)
Confirm with . or Enter, or press ? or * to list all spells.
You don't have enough magic to cast this spell.
Unknown command.
Unknown command.
Unknown command.
You hit Ijyb but do no damage.
Ijyb is moderately wounded.
You constrict Ijyb. Ijyb misses you.
Unknown command.
You hit Ijyb but do no damage. You squeeze Ijyb.
Ijyb is heavily wounded.
You constrict Ijyb, but do no damage.
Ijyb zaps a wand.
Your mind is blasted!
You die...

#..##.# #..##.# #..##.#
#..##.# #..##.# #..##.#
#..##.#######
####...........#######.#
......##.#####..@g.....#
####.###.# ###########
### #<# #.# ########.#
......<..# ##########


You could see Ijyb.

Vanquished Creatures
  A phantom (D:2)
  A jelly (D:2)
  A worm (D:2)
  A dart slug (D:1)
  4 ball pythons
  10 bats
  4 endoplasms
  6 giant cockroaches
  8 hobgoblins
  11 jackals
  7 kobolds
  A quokka (D:1)
  4 frilled lizards
  4 goblins
  A rat (D:1)
64 creatures vanquished.

Notes
Turn   | Place    | Note
-------+----------+-------------------------------------------
     0 | D:1      | Atelerd the Octopode Earth Elementalist began the quest for
                  | the Orb.
     0 | D:1      | Reached XP level 1. HP: 11/11 MP: 3/3
   140 | D:1      | Reached XP level 2. HP: 17/17 MP: 1/5
   532 | D:1      | Reached XP level 3. HP: 20/21 MP: 2/6
   874 | D:1      | Found a faded altar of an unknown god.
  1470 | D:2      | Reached XP level 4. HP: 26/27 MP: 4/8
  1547 | D:2      | Noticed a phantom
  1556 | D:2      | Killed a phantom
  1557 | D:2      | Reached skill level 4 in Earth Magic
  1557 | D:2      | Reached XP level 5. HP: 8/31 MP: 1/9
  2335 | D:3      | Learned a level 4 spell: Petrify
  2468 | D:3      | Noticed Ijyb
  2482 | D:3      | HP: 1/31 [Ijyb/+0 dagger (6)]
  2484 | D:3      | Blown up by Ijyb

Illustrated notes

Levels and vault maps discovered:
D:1:      lightli_arrival_boilingwater, layout_basic,
          shapermc_ecumenical_altar_starsandcircs, minmay_hexomino_c4
D:2:      layout_rooms
D:3:      layout_loops_ring, led_sif_pool, kennysheep_boxes, uniq_ijyb

Skill      XL: |  1  2  3  4  5 |
---------------+----------------+-----
Transmutations | 2 3 |  3.1
Spellcasting   | 3 |  3.3
Earth Magic    | 4 |  4.2
Dodging        | |  2.0
Stealth        | |  2.7

Action                   |  1- 3 |  4- 6 || total
-------------------------+-------+-------++-------
Melee: Unarmed           |    21 |       ||    21
       Constrict         |    14 |     7 ||    21
       Dagger            |    24 |    19 ||    43
       Tentacles         |    14 |     8 ||    22
       Punch             |     2 |       ||     2
 Cast: Sandblast         |    43 |    34 ||    77
       Petrify           |       |     2 ||     2
  Use: Potion            |       |     1 ||     1
 Stab: Sleeping          |     1 |       ||     1
Armor: Skin              |    10 |     3 ||    13
Dodge: Dodged            |    63 |    18 ||    81
